 Dungeon Crawl Stone Soup version 0.29-a0-266-gf56f883ddd (webtiles) character file.

Game seed: 14924699530078022308

42 Anon1729 the Skirmisher (level 3, -2/33 HPs)
             Began as a Minotaur Monk on Mar 6, 2022.
             Slain by a gnoll
             ... wielding a +0 whip
              (8 damage)
             ... on level 2 of the Dungeon.
             The game lasted 00:01:28 (1191 turns).

Anon1729 the Skirmisher (Minotaur Monk)             Turns: 1191, Time: 00:01:28

Health: -2/33      AC:  2    Str: 15    XL:     3   Next: 33%
Magic:  2/2        EV: 13    Int:  7    God:
Gold:   19         SH:  0    Dex: 14    Spells: 2/2 levels left

rFire   . . .      SeeInvis .   a - +0 falchion
rCold   . . .      Faith    .   (no shield)
rNeg    . . .      Spirit   .   b - +0 robe
rPois   .          Reflect  .   (helmet restricted)
rElec   .          Harm     .   (no cloak)
rCorr   .          Rampage  .   (no gloves)
Will    .....                   (no boots)
Stlth   ++........              (no amulet)
HPRegen 0.11/turn               (no ring)
MPRegen 0.08/turn               (no ring)

@: no status effects
A: horns 2, retaliatory headbutt
a: no special abilities


You were on level 2 of the Dungeon.
You visited 1 branch of the dungeon, and saw 2 of its levels.

You collected 19 gold pieces.

Inventory:

Hand Weapons
 a - a +0 falchion (weapon)
Armour
 b - a +0 robe (worn)
Jewellery
 j - a ring of flight
Scrolls
 d - a scroll of teleportation {unknown}
 g - a scroll of holy word {unknown}
 i - a scroll of fear {unknown}
Potions
 c - a potion of ambrosia
 e - a potion of might {unknown}
 f - 2 potions of curing {unknown}
 h - a potion of heal wounds {unknown}


   Skills:
 + Level 4.1 Fighting
 + Level 4.1 Long Blades
 + Level 3.7 Dodging
 + Level 2.1 Stealth


You had 2 spell levels left.
You didn't know any spells.
Your spell library contained the following spells:

 Spells                   Type           Power      Damage    Failure   Level
 Call Canine Familiar     Summ           0%         N/A       80%         3
 Portal Projectile        Hex/Tloc       0%         N/A       80%         3
 Leda's Liquefaction      Hex/Erth       0%         N/A       99%         4


Dungeon Overview and Level Annotations

Branches:
Dungeon (2/15)

Altars:

Shops:
D:1 *


Innate Abilities, Weirdness & Mutations

You have a pair of horns on your head.
You reflexively headbutt those who attack you in melee.


Message History

You hit the frilled lizard but do no damage.
Your headbutt misses the frilled lizard.
The frilled lizard bites you.
You miss the frilled lizard. You headbutt the frilled lizard.
You kill the frilled lizard!
The gnoll barely misses you.
There are monsters nearby!
There are monsters nearby!
The gnoll shouts!
You hit the gnoll.
The gnoll is heavily wounded.
The gnoll hits you with a +0 flail!
A dart slug comes into view.
You hit the gnoll. You headbutt the gnoll.
You kill the gnoll!
The dart slug launches a dart at you. The slug dart hits you.
Found 2 yellow potions.
You open the door.
There is an open door here.
You close the door.
You start resting.
A gnoll opens the door.
It is wielding a +0 whip.
You barely miss the gnoll. Your headbutt misses the gnoll.
The gnoll hits you with a +0 whip.
You hit the gnoll but do no damage. The gnoll closely misses you.
You slash the gnoll! Your headbutt misses the gnoll.
The gnoll is severely wounded.
The gnoll misses you. You furiously retaliate!
You headbutt the gnoll. You hit the gnoll but do no damage.
The gnoll is almost dead.
The gnoll hits you with a +0 whip!
You barely miss the gnoll.
The gnoll is almost dead.
The gnoll hits you with a +0 whip.
* * * LOW HITPOINT WARNING * * *
You hit the gnoll but do no damage.
The gnoll is almost dead.
The gnoll hits you with a +0 whip!
You die...

#.......####...#####.####
#.......# #............#
#.......####....####.##.###
+..........+...........$g..
#.....)..###....#.#...#...w
#........# ##...#.#)..##...
########.# #.###.#(.......
####'####.....#..g##...
#.....@g'..!..#...# ##
#.....###.....#...# #.....#
#.....#...# #.....#
#.....#...# .## #.[...#
#.....#...#### ..) #.....#
#..............
##.####.....#
#....##########
#....)......# #....#
#......###### #....#


You could see a gnoll.

Vanquished Creatures
  A gnoll (D:2)
  A worm (D:2)
  2 dart slugs
  An orc (D:2)
  An endoplasm (D:1)
  2 giant cockroaches (D:1)
  2 goblins
  A hobgoblin (D:1)
  3 jackals (D:1)
  A ball python (D:1)
  3 bats (D:1)
  2 frilled lizards
  2 kobolds (D:1)
  2 rats
24 creatures vanquished.

Vanquished Creatures (others)
  14 plants
14 creatures vanquished.

Grand Total: 38 creatures vanquished

Notes
Turn   | Place    | Note
-------+----------+-------------------------------------------
     0 | D:1      | Anon1729 the Minotaur Monk began the quest for the Orb.
     0 | D:1      | Reached XP level 1. HP: 19/19 MP: 0/0
   252 | D:1      | Reached XP level 2. HP: 20/27 MP: 1/1
   348 | D:1      | Found Hedd's Assorted Antiques.
   915 | D:1      | Found a faded altar of an unknown god.
  1094 | D:2      | Reached XP level 3. HP: 28/33 MP: 2/2
  1191 | D:2      | Slain by a gnoll

Illustrated notes

Levels and vault maps discovered:
D:1:      minmay_arrival_radiant_lines, layout_basic, serial_shops, shop_statue,
          serial_corexii_hall, corexii_hall_statues_x, corexii_hall_statues_x,
          shapermc_ecumenical_altar_petra
D:2:      layout_basic, nicolae_grassy_gnolls, uniq_natasha

Skill      XL: |  1  2 |
---------------+-------+-----
Fighting       | 4 |  4.1
Stealth        | 2 |  2.1
Long Blades    | 4 |  4.1
Dodging        | |  3.7

Action                   || total
-------------------------++-------
Melee: Falchion          ||    67
       Headbutt          ||    13
       Punch             ||     1
 Stab: Sleeping          ||     2
Armor: Robe              ||     7
Dodge: Dodged            ||    45

Table legend: (Time is in decaauts)
 A = Elapsed time spent in this place.
 B = Non-inter-level travel time spent in this place.
 C = Inter-level travel time spent in this place.
 D = Time resting spent in this place.
 E = Time spent auto-exploring this place.
 F = Levels seen in this place.
 G = Mean time per level.
                   A        B        C        D        E       F      G
               +--------+--------+--------+--------+--------+-----+--------+
         Total |   1198 |   1134 |     64 |      4 |    920 |   2 |  599.0 |
       Dungeon |   1198 |   1134 |     64 |      4 |    920 |   2 |  599.0 |
               +--------+--------+--------+--------+--------+-----+--------+

Top non-repeatable levels by time:
     D:1: 953 daAuts
     D:2: 244 daAuts
